 Dungeon Crawl Stone Soup version 0.23-a0-80-gc95c2c7 (webtiles) character file.

205 KristoblXynda the Skirmisher (level 5, -1/47 HPs)
             Began as a Draconian Monk on Aug 12, 2018.
             Slain by a centaur (7 damage)
             ... on level 3 of the Dungeon.
             The game lasted 00:06:01 (3066 turns).

KristoblXynda the Skirmisher (Draconian Monk)       Turns: 3066, Time: 00:06:03

Health: -1/47      AC:  6    Str: 13 (14) XL:     5   Next: 52%
Magic:  5/5        EV: 13    Int:  8 (11) God:
Gold:   125        SH:  0    Dex: 11 (13) Spells: 4/4 levels left

rFire    . . .     SeeInvis .     - Unarmed
rCold    . . .     Gourm    .   (no shield)
rNeg     . . .     Faith    .   (armour unavailable)
rPois    .         Spirit   .   (helmet restricted)
rElec    .         Reflect  .   (no cloak)
rCorr    .         Harm     .   k - +0 pair of gloves
MR       .....                  (no boots)
Stlth    ++........             (no amulet)
HPRegen  0.15/turn              (no ring)
MPRegen  0.09/turn              (no ring)

@: lethally poisoned (-1 -> -2)
A: unfitting armour, cold-blooded, AC +5
a: no special abilities


You were on level 3 of the Dungeon.
You were not hungry.

You visited 1 branch of the dungeon, and saw 3 of its levels.

You collected 125 gold pieces.

Inventory:

Hand Weapons
 j - a +2 halberd of venom
Armour
 k - a +0 pair of gloves (worn)
Jewellery
 h - an uncursed amulet of faith {unknown}
 o - an uncursed ring of protection from magic {unknown}
 p - an uncursed ring of fire {unknown}
Scrolls
 b - 6 scrolls of remove curse
 d - a scroll of noise {unknown}
 e - a scroll of identify {unknown}
 g - a scroll of enchant armour {unknown}
 i - 2 scrolls of teleportation
 m - a scroll of random uselessness {unknown}
Potions
 l - a potion of agility {unknown}
 q - a potion of cancellation {unknown}
Comestibles
 a - 7 rations
 n - 3 chunks of flesh


   Skills:
 + Level 4.8 Fighting
 + Level 3.9 Dodging
 - Level 1.7 Stealth
 + Level 4.4 Unarmed Combat


You had 4 spell levels left.
You didn't know any spells.
Your spell library was empty.

Dungeon Overview and Level Annotations

Branches:
Dungeon (3/15)

Altars:
Dithmenos
Elyvilon
Makhleb


Innate Abilities, Weirdness & Mutations

Your plain brown scales are hard. (AC +5)
You cannot fit into any form of body armour.
You are cold-blooded and may be slowed by cold attacks.


Message History

You barely miss the centaur. Your punch misses the centaur.
The centaur is severely wounded.
The centaur hits you. The centaur closely misses you.
You hit the centaur but do no damage.
Your tail-slap misses the centaur.
The centaur is severely wounded.
The centaur closely misses you.
You hit the centaur but do no damage.
The centaur is severely wounded.
You feel sick. The centaur hits you.
* * * LOW HITPOINT WARNING * * *
It was a potion of degeneration.
There was something very wrong with that liquid.
You feel weakened.
You feel dopey.
You feel clumsy. The centaur hits you.
* * * LOW HITPOINT WARNING * * *
The centaur hits you.
* * * LOW HITPOINT WARNING * * *
It was a potion of magic.
Magic courses through your body. The centaur hits you!
You die...

#.. #.# #.####.. #.#
#....... # #.# #.###...
#. #%# #... #.. #.# #
#.(.
.#...##.##.##########...
......c..%.#............
#@####.##########'
#.(...............
######(########### #.#
#...... #.# #.####. #.#
#...... #.##########.
#..†.........
#############


You could see a centaur.

Vanquished Creatures
  11 gnolls
  5 adders
  A worm (D:2)
  A dart slug (D:2)
  2 leopard geckos (D:3)
  A ball python (D:1)
  4 giant cockroaches
  3 goblins
  5 hobgoblins
  2 jackals (D:2)
  8 kobolds
  7 bats
  A frilled lizard (D:2)
  4 rats
55 creatures vanquished.

Vanquished Creatures (others)
  A hobgoblin (D:2)
1 creature vanquished.

Grand Total: 56 creatures vanquished

Notes
Turn   | Place    | Note
-------+----------+-------------------------------------------
     0 | D:1      | KristoblXynda the Draconian Monk began the quest for the Orb.
     0 | D:1      | Reached XP level 1. HP: 19/19 MP: 1/1
   180 | D:1      | Reached XP level 2. HP: 21/26 MP: 2/2
  1052 | D:2      | Found a faded altar of an unknown god.
  1416 | D:1      | Reached XP level 3. HP: 29/33 MP: 3/3
  1462 | D:2      | Found a burning altar of Makhleb.
  1902 | D:2      | Reached XP level 4. HP: 3/40 MP: 4/4
  2089 | D:2      | Found a shadowy altar of Dithmenos.
  2366 | D:2      | Found a white marble altar of Elyvilon.
  2483 | D:2      | Reached XP level 5. HP: 20/47 MP: 5/5
  3052 | D:3      | Noticed a centaur
  3066 | D:3      | Slain by a centaur

Vault maps used:
D:1:      shiori_shiawase, minivault_14
D:2:      grunt_dithmenos_smoke, elyvilon_altar_4, old_standard_altar,
          first_ration, chequers_ecumenical_altar_island, minivault_27
D:3:      lemuel_crystal_altar, due_unseen_surprise, uniq_crazy_yiuf_cottage

Skill      XL: |  1  2  3  4 |
---------------+-------------+-----
Dodging        | 3 |  3.9
Fighting       | 4 |  4.8
Unarmed Combat | 4 |  4.4
Stealth        | |  1.7

Action                   |  1- 3 |  4- 6 || total
-------------------------+-------+-------++-------
Melee: Unarmed           |   124 |   129 ||   253
       Tailslap          |    14 |    16 ||    30
       Punch             |       |     1 ||     1
  Use: Scroll            |     2 |       ||     2
       Potion            |       |     3 ||     3
 Stab: Sleeping          |     2 |       ||     2
  Eat: Ration            |     1 |       ||     1
       Chunk             |       |     4 ||     4
Armor: Skin              |    34 |    30 ||    64
Dodge: Dodged            |    93 |   101 ||   194

Table legend:
 A = Non-vault XP
 B = Vault XP
 C = Vault XP percentage of total XP
 D = Non-vault monster count
 E = Vault monster count
 F = Vault count percentage of total count
 G = Total turns spent on level
                 A         B        C        D         E       F
            +---------+---------+-------+---------+---------+-------
      Total |     293 |       0 |   0.0 |      55 |       0 |   0.0
            +---------+---------+-------+---------+---------+-------
        D:1 |      44 |       0 |   0.0 |      20 |       0 |   0.0
        D:2 |     189 |       0 |   0.0 |      28 |       0 |   0.0
        D:3 |      60 |       0 |   0.0 |       7 |       0 |   0.0
            +---------+---------+-------+---------+---------+-------
